cohdb
Replays
Latest Replays
All Replays
Popular Replays
Top Player Replays
Match Explorer
How It Works
Community
CoH3 Stats
Reddit
Sign in to upload your games and track your stats! →
Sign in with Steam
Match 46281882
Unlisted
Match 46281882
Overview
Messages
Build Orders
End
Pioneer Squad
Construct Infanterie Kompanie
Grenadier Squad
MG 42 Machine Gun Team
Selects Breakthrough Battlegroup
Selects Assault Grenadiers
Grenadier Squad
Construct Panzergrenadier Kompanie
Panzergrenadier Squad
Medical Station
251 Medium Carrier
Pak 40 Anti-tank Gun Team
Thank You Chef
Kray-Tos
mendaciouspolyglot
Yungstar89
0
0
Comments
sign in to comment!
No comments posted yet!